 Dungeon Crawl Stone Soup version 0.23.0 (webtiles) character file.

Game seed: 9537572815758722605

112 theswoord the Slasher (level 4, 0/63 HPs)
             Began as a Naga Berserker on Feb 12, 2019.
             Was a Believer of Trog.
             Slain by Grinder (1 damage)
             ... on level 3 of the Dungeon.
             The game lasted 00:03:38 (1975 turns).

theswoord the Slasher (Naga Berserker)              Turns: 1975, Time: 00:03:39

Health: 0/63       AC:  2    Str: 24    XL:     4   Next: 93%
Magic:  4/4        EV: 10    Int:  8    God:    Trog [**....]
Gold:   202        SH:  0    Dex: 11    Spells: 3/3 levels left

rFire    . . .     SeeInvis +   a - +1 falchion
rCold    . . .     Gourm    .   (no shield)
rNeg     . . .     Faith    .   b - +0 animal skin
rPois    +         Spirit   .   (no helmet)
rElec    .         Reflect  .   (no cloak)
rCorr    .         Harm     .   (no gloves)
MR       .....                  (no barding)
Stlth    ..........             (no amulet)
HPRegen  0.20/turn              (no ring)
MPRegen  0.09/turn              (no ring)

@: berserking (expiring), quick
A: large, see invisible, deformed body, poison resistance, slowness 2, slow
metabolism 1, spit poison 1, AC +1
a: Spit Poison, Berserk, Trog's Hand, Renounce Religion


You were on level 3 of the Dungeon.
You worshipped Trog.
Trog was pleased with you.
You were hungry.

You visited 1 branch of the dungeon, and saw 3 of its levels.

You collected 202 gold pieces.

Inventory:

Hand Weapons
 a - a +1 falchion (weapon)
Armour
 b - a +0 animal skin (worn)
Wands
 h - a wand of iceblast (16)
Scrolls
 f - 2 scrolls of fog
 g - 3 scrolls of teleportation
 k - a scroll of identify
Potions
 d - a potion of flight {unknown}
 e - a potion of invisibility {unknown}
 j - a potion of haste {unknown}
Comestibles
 c - 4 rations


   Skills:
 - Level 3.0 Fighting
 + Level 5.4 Long Blades
 - Level 1.5 Armour
 - Level 1.5 Dodging


You had 3 spell levels left.
You didn't know any spells.
Your spell library was empty.

Dungeon Overview and Level Annotations

Branches:
Dungeon (3/15)

Altars:

Annotations:
D:3 Grinder


Innate Abilities, Weirdness & Mutations

You cannot wear boots.
Your serpentine skin is tough. (AC +1)
You have supernaturally acute eyesight. (SInv)
Armour fits poorly on your strangely shaped body.
Your system is resistant to poisons. (rPois)
You cover ground very slowly.
You have a slow metabolism.
You can spit poison.


Message History

* * * LOW HITPOINT WARNING * * *
You can move again.
Unknown command.
You closely miss Grinder. Grinder gestures at you.
You resist with significant effort.
You closely miss Grinder. Grinder hits you.
* * * LOW HITPOINT WARNING * * *
You writhe in agony.
* * * LOW HITPOINT WARNING * * *
You hit Grinder. You hit Grinder.
Grinder blinks!
You barely miss Grinder. Grinder gestures at you.
You struggle to resist.
You closely miss Grinder. You slash Grinder! Grinder hits you!
* * * LOW HITPOINT WARNING * * *
You writhe in agony.
You die...

.... .g.# ...#
#.. # #.#
#.#######.##
#.5@....)..##
#.###.......# #
#.##....#
#.###.#.########
..# #.#.........
####
#.########## #.#
.#######.#
.........#


You could see Grinder.

Vanquished Creatures
  4 adders
  2 dart slugs
  3 leopard geckos
  A ball python (D:2)
  2 giant cockroaches
  13 goblins
  7 hobgoblins
  3 jackals (D:1)
  2 quokkas
  9 bats
  2 frilled lizards
  7 kobolds
  9 rats
64 creatures vanquished.

Vanquished Creatures (others)
  5 toadstools (D:1)
5 creatures vanquished.

Grand Total: 69 creatures vanquished

Notes
Turn   | Place    | Note
-------+----------+-------------------------------------------
     0 | D:1      | theswoord the Naga Berserker began the quest for the Orb.
     0 | D:1      | Reached XP level 1. HP: 21/21 MP: 1/1
    58 | D:1      | Reached XP level 2. HP: 24/28 MP: 2/2
   328 | D:1      | Reached skill level 4 in Long Blades
   373 | D:1      | Reached XP level 3. HP: 17/34 MP: 3/3
   902 | D:2      | Reached ** piety under Trog
   977 | D:2      | Reached XP level 4. HP: 14/42 MP: 4/4
  1148 | D:2      | Reached skill level 5 in Long Blades
  1959 | D:3      | Noticed Grinder
  1966 | D:3      | Paralysed by Grinder for 2 turns
  1975 | D:3      | HP: 1/63 [Grinder (8)]
  1975 | D:3      | Slain by Grinder

Skill      XL: |  1  2  3  4 |
---------------+-------------+-----
Long Blades    | 4 5 |  5.4
Fighting       | |  3.0
Armour         | |  1.5
Dodging        | |  1.5

Action                   |  1- 3 |  4- 6 || total
-------------------------+-------+-------++-------
Melee: Falchion          |    94 |   105 ||   199
Invok: Berserk           |     2 |     2 ||     4
 Abil: Spit Poison       |     3 |     3 ||     6
  Use: Scroll            |     4 |     3 ||     7
  Eat: Chunk             |     2 |     4 ||     6
Armor: Animal skin       |    34 |    20 ||    54
Dodge: Dodged            |    78 |    63 ||   141
       Rpst.: Falchion   |    27 |    19 ||    46

Levels and vault maps discovered:
D:1:      roderic_crossed_star, layout_basic, minmay_gold_behind_fungi,
          interstate_on_off
D:2:      minmay_wonky_spiral, layout_rooms, minmay_misc_feat_iff
D:3:      cheibrodos_helix_gallery, layout_loops_corners,
          nicolae_ashenzari_panopticon, serial_glass, glass_columns_a,
          glass_columns_a, cheibriados_altar_1, uniq_grinder, uniq_terence,
          uniq_natasha, uniq_sigmund
